 Dungeon Crawl Stone Soup version 0.16.1-51-g6203257 (webtiles) character file.

166 Inchmeat the Conjurer (level 5, -2/42 HPs)
             Began as a Deep Elf Conjurer on July 6, 2015.
             Slain by an elf zombie (4 damage)
             ... in an ossuary.
             The game lasted 00:09:33 (3775 turns).

Inchmeat the Conjurer (Deep Elf Conjurer)           Turns: 3775, Time: 00:09:33

Health: -2/42      AC: 22    Str:  6    XL:     5   Next: 22%
Magic:  1/18       EV:  2    Int: 20    God:
Gold:   223        SH:  0    Dex: 15    Spells: 3 memorised, 5 levels left

rFire  . . .     SeeInvis .     (no weapon)
rCold  + . .     Clarity  .     a - melded +0 robe
rNeg   + + +     SustAb   .     (no shield)
rPois  +         Gourm    .     (helmet currently unavailable)
rElec  .         Spirit   .     (cloak currently unavailable)
rCorr  .         Warding  .     (gloves currently unavailable)
rMut   .         NoTele   +     (boots currently unavailable)
MR     .....                    (no amulet)
Stlth  +++.......               p - ring of poison resistance (curse)
                                e - ring of protection from cold (curse)

@: tree-form, very slightly contaminated, not resistant to hostile enchantments,
fairly stealthy
A: no striking features
a: no special abilities


You were in an ossuary.
You were not hungry.
You were a tree.
You visited 1 branch of the dungeon, and saw 4 of its levels.
You also visited: Ossuary.

You collected 223 gold pieces.

Inventory:

Armour
 a - a +0 robe (melded)
 g - a +3 leather armour of fire resistance
Jewellery
 e - a cursed ring of protection from cold (left branch)
 p - a cursed ring of poison resistance (right branch)
Scrolls
 k - a scroll of noise {unknown}
Potions
 h - a potion of brilliance
 m - a potion of curing {unknown}
 n - a potion of cure mutation {unknown}
Books
 c - a book of Conjurations

   Spells                             Type                      Level
   a - Magic Dart                     Conjuration                  1
   b - Searing Ray                    Conjuration                  2
   c - Dazzling Spray                 Conjuration/Hexes            3
   d - Fulminant Prism                Conjuration/Hexes            4
   e - Iskenderun's Mystic Blast      Conjuration                  4
   f - Iskenderun's Battlesphere      Conjuration/Charms           5
Comestibles
 b - 2 bread rations
 d - 3 beef jerkies
 f - a meat ration
 i - 2 slices of pizza


   Skills:
 - Level 2.4 Dodging
 - Level 2.5 Stealth
 + Level 4.2 Spellcasting
 * Level 6.7 Conjurations


You had 5 spell levels left.
You knew the following spells:

 Your Spells              Type           Power        Failure   Level  Hunger
a - Magic Dart            Conj           ####         1%          1    None
b - Searing Ray           Conj           ####..       1%          2    #......
c - Iskenderun's Mystic   Conj           ####....     10%         4    ####...


Dungeon Overview and Level Annotations

Branches:
Dungeon (4/15)
 Temple: D:4-7

Altars:
Elyvilon
Ru


Message History

The magic dart hits the elf zombie.
The elf zombie barely misses you.
Casting: Magic Dart
Confirm with . or Enter, or press ? or * to list all spells.
Aiming: Magic Dart
Press: ? - help, Shift-Dir - straight line, f/p - elf zombie
Aim: an elf zombie The magic dart hits the elf zombie.
The elf zombie hits you but does no damage.
Casting: Magic Dart
Confirm with . or Enter, or press ? or * to list all spells.
You don't have enough magic to cast that spell.
Casting: Magic Dart
Confirm with . or Enter, or press ? or * to list all spells.
Aiming: Magic Dart
Press: ? - help, Shift-Dir - straight line, f/p - elf zombie
Aim: an elf zombie The magic dart hits the elf zombie.
The rat zombie bites you.
* * * LOW HITPOINT WARNING * * *
The elf zombie hits you.
You die...

+.#..# #.'..# ###..#
.#..# ###.#..# #.. #..#
#+###+###+###+###'###..#
................ZZ.....#
................♣.....∩#
########################


You could see a rat zombie and an elf zombie.

Vanquished Creatures
  An orc priest (D:3)
  Jessica (D:2)
  2 mummies (Ossuary)
  4 adders
  4 worms
  2 oozes
  4 orcs (D:3)
  4 goblins
  5 hobgoblins
  A quokka (D:3)
  4 bats
  A giant cockroach (D:3)
  A giant gecko (D:1)
  A gnoll zombie (Ossuary)
  2 goblin zombies (Ossuary)
  A hobgoblin zombie (Ossuary)
  2 jackals (D:2)
  3 kobolds (D:3)
  A kobold zombie (Ossuary)
  4 quokka zombies (Ossuary)
  5 rats
  A rat zombie (Ossuary)
  A fungus (D:2)
55 creatures vanquished.

Notes
Turn   | Place    | Note
--------------------------------------------------------------
     0 | D:1      | Inchmeat, the Deep Elf Conjurer, began the quest for the Orb.
     0 | D:1      | Reached XP level 1. HP: 10/10 MP: 5/5
   778 | D:1      | Noticed an ogre
   982 | D:2      | Found a sacrificial altar of Ru.
   987 | D:2      | Reached XP level 2. HP: 15/15 MP: 6/8
  1059 | D:2      | Noticed Jessica
  1071 | D:2      | Killed Jessica
  1071 | D:2      | Reached skill level 5 in Conjurations
  1073 | D:2      | Reached XP level 3. HP: 16/19 MP: 2/11
  2027 | D:2      | Found a white marble altar of Elyvilon.
  2066 | D:2      | Reached XP level 4. HP: 24/24 MP: 5/14
  2164 | D:2      | Reached skill level 6 in Conjurations
  3232 | D:4      | Learned a level 2 spell: Searing Ray
  3237 | D:4      | Learned a level 4 spell: Iskenderun's Mystic Blast
  3241 | D:4      | Found a sand-covered staircase.
  3252 | Ossuary  | Entered an ossuary
  3295 | Ossuary  | Reached XP level 5. HP: 28/28 MP: 8/18
  3775 | Ossuary  | HP: 2/42 [rat zombie (2)]
  3775 | Ossuary  | Slain by an elf zombie

Action                   |  1- 3 |  4- 6 || total
-------------------------+-------+-------++-------
Melee: Unarmed           |    43 |     3 ||    46
 Cast: Magic Dart        |    57 |   116 ||   173
  Use: Scroll            |     3 |     3 ||     6
       Potion            |       |     1 ||     1
  Eat: Chunk             |     2 |     4 ||     6
       Meat ration       |       |     1 ||     1
